 Dungeon Crawl Stone Soup version 0.20-a0 (webtiles) character file.

14 motkustreak2122 the Vexing (level 2, 0/11 HPs)
             Began as a Felid Enchanter on Oct 27, 2016.
             Hit by a stone thrown by a kobold (4 damage)
             ... on level 1 of the Dungeon.
             The game lasted 00:01:41 (1257 turns).

motkustreak2122 the Vexing (Felid Enchanter)        Turns: 1257, Time: 00:01:42

Health: 0/11       AC:  1    Str:  4    XL:     2   Next: 27%
Magic:  6/6        EV: 18    Int: 16    God:
Gold:   51         SH:  0    Dex: 16    Spells: 1 memorised, 4 levels left
                                        Lives:  0   Deaths: 0

rFire  . . .     SeeInvis +       - Unarmed
rCold  . . .     Gourm    .     (armour unavailable)
rNeg   . . .     Faith    .     (shield unavailable)
rPois  .         Spirit   .     (helmet unavailable)
rElec  .         Reflect  .     (cloak unavailable)
rCorr  .         Harm     .     (gloves unavailable)
MR     .....                    (boots unavailable)
Stlth  +++.......               (no amulet)
                                (no ring)
                                (no ring)

@: quick
A: no armour, no weapons or thrown items, stealth, claws 1, fangs 3, see
invisible, carnivore 3, speed 1, shaggy fur 1, slow metabolism 1, sharp paws
a: no special abilities


You were on level 1 of the Dungeon.
You were full.

You visited 1 branch of the dungeon, and saw 2 of its levels.

You collected 51 gold pieces.

Inventory:

Scrolls
 d - a scroll of magic mapping {unknown}
 e - a scroll of enchant weapon {unknown}
 f - a scroll of noise {unknown}
 g - a scroll of recharging {unknown}
 i - 4 scrolls of identify {unknown}
 j - a scroll of immolation {unknown}
Potions
 c - a potion of might {unknown}
 h - a potion of curing {unknown}
 k - a potion of heal wounds {unknown}
 l - a potion of degeneration {unknown}
Books
 a - a book of Maledictions

   Spells                             Type                      Level
   a - Corona                         Hexes                        1
   b - Ensorcelled Hibernation        Hexes/Ice                    2
   c - Confuse                        Hexes                        3
   d - Tukima's Dance                 Hexes                        3
   e - Dazzling Spray                 Conjuration/Hexes            3
Comestibles
 b - 2 meat rations


   Skills:
 - Level 2.6 Dodging
 + Level 4.3 Stealth
 + Level 1.5 Unarmed Combat
 - Level 2.0 Spellcasting
 + Level 4.8 Hexes


You had 4 spell levels left.
You knew the following spells:

 Your Spells              Type           Power        Failure   Level  Hunger
a - Corona                Hex            ###....      3%          1    #......


Dungeon Overview and Level Annotations

Branches:
Dungeon (2/15)

Altars:

Annotations:
D:2 Robin


Innate Abilities, Weirdness & Mutations

You cannot wear armour.
You are incapable of wielding weapons or throwing items.
Your paws allow you to move quietly. (Stealth)
You have sharp claws.
You have razor-sharp teeth.
You have supernaturally acute eyesight. (SInv)
You are carnivorous and can eat meat at any time.
You cover ground quickly.
You are covered in fur. (AC +1)
You have a slow metabolism.
Your sharp claws are effective at attacking unaware monsters.


Message History

Press: ? - help, Shift-Dir - straight line, f - hobgoblin
Aim: a hobgoblin (unusually strong, chance to defeat MR: 71%)
The hobgoblin is outlined in light.
You scratch the hobgoblin but do no damage.
The hobgoblin misses you.
You barely miss the hobgoblin. The hobgoblin hits you!
Ouch! That really hurt!
* * * LOW HITPOINT WARNING * * *
Unknown command.
There is an open door here.
The hobgoblin stops glowing.
You see here a robe.
There is an open door here.
There is an escape hatch in the floor here.
There is a stone staircase leading down here.
A kobold comes into view. It is wielding a short sword.
The kobold shouts!
The kobold throws a stone.
The stone misses you.
The kobold throws a stone.
The stone hits you.
You die...

##'## #..#..#.# #.#.##.# #...##
#..#..#.# #......# .....##
#.....#.# ###.#### # ...(..##
##.......# ###..## ##
.......####.....K..####.>...####.
.......+................###....'.
.......####.........###.# #.####.
......## #.........# #.###.# ##
.....## ##....@..## #.....# #
....## #......## ###.### .#'##
#.#...## #.# .#.# #.##### #.#
.#.#########.# #.# .#...........#
#.# #### ....########## #.# #...
.....## #.####.## ......##
#......#


You could see a kobold.

Vanquished Creatures
  2 goblins
  2 hobgoblins (D:1)
  2 kobolds (D:1)
  2 ball pythons (D:1)
  A bat (D:1)
  A frilled lizard (D:1)
  3 rats (D:1)
13 creatures vanquished.

Notes
Turn   | Place    | Note
-------+----------+-------------------------------------------
     0 | D:1      | motkustreak2122 the Felid Enchanter began the quest for the Orb.
     0 | D:1      | Reached XP level 1. HP: 7/7 MP: 4/4
   967 | D:1      | Reached XP level 2. HP: 11/11 MP: 6/6
  1215 | D:2      | Noticed Robin
  1257 | D:1      | Hit by a stone thrown by a kobold

Vault maps used:
D:1:      saegor_arrival_simple_e
D:2:      ecumenical_altar_1, uniq_robin

Action                   || total
-------------------------++-------
Melee: Unarmed           ||    25
 Cast: Corona            ||    10
 Stab: Sleeping          ||     5
  Eat: Chunk             ||     4
Armor: Skin              ||     1
Dodge: Dodged            ||    16
